 Dungeon Crawl Stone Soup version 0.29.0-4-gdea44cf6ec (webtiles) character file.

Game seed: 6265193050930189819

2690 qw the Cleaver (level 9, -3/54 HPs)
             Began as a Tengu Warper on Aug 28, 2022.
             Was a Believer of Okawaru.
             Succumbed to a kobold brigand's curare-tipped dart
             ... on level 7 of the Dungeon.
             The game lasted 00:00:47 (6796 turns).

qw the Cleaver (Tengu Warper)                       Turns: 6796, Time: 00:00:48

Health: -3/54      AC: 12    Str: 17    XL:     9   Next: 64%
Magic:  13/13      EV:  7    Int: 13    God:    Okawaru [**....]
Gold:   478        SH:  5    Dex: 13    Spells: 12/12 levels left

rFire   + . .      SeeInvis .   Y - +0 broad axe (protect)
rCold   + . .      Faith    .   (no shield)
rNeg    . . .      Spirit   .   d - +0 plate armour
rPois   .          Reflect  +   (helmet restricted)
rElec   .          Harm     .   (no cloak)
rCorr   .          Rampage  .   (no gloves)
Will    .....                   (boots unavailable)
Stlth   ..........              g - amulet of reflection
HPRegen 0.18/turn               f - ring of protection from cold
MPRegen 0.13/turn               c - ring of protection from fire

@: lethally poisoned (-3 -> -10), flying quickly and evasively, slowed, very
slow
A: beak, talons 3, nimble flight
a: Renounce Religion, Heroism


You were on level 7 of the Dungeon.
You worshipped Okawaru.
Okawaru was pleased with you.
You visited 2 branches of the dungeon, and saw 9 of its levels.

You collected 478 gold pieces.


Innate Abilities, Weirdness & Mutations

You have a beak for a mouth.
You have claws for feet.
Your magical nature lets you fly swiftly and evasively.


   Skills:
 - Level 5.0 Fighting
 + Level 10.8 Axes
 - Level 3.1 Throwing
 - Level 4.5 Armour
 - Level 2.1 Dodging
 - Level 2.0 Spellcasting
 - Level 2.4 Translocations
 - Level 4.1 Invocations


You had 12 spell levels left.
You didn't know any spells.
Your spell library contained the following spells:

 Spells                   Type           Power      Damage    Failure   Level
 Blink                    Tloc           14%        N/A       99%         2
 Gell's Gravitas          Tloc           7%         N/A       100%        3
 Lesser Beckoning         Tloc           7%         N/A       100%        3
 Teleport Other           Tloc           7%         N/A       100%        3
 Manifold Assault         Tloc           7%         N/A       100%        5

Inventory:

Hand Weapons
 m - a +4 flail
 Y - a +0 broad axe of protection (weapon)
Missiles
 b - 4 javelins (quivered)
 i - 8 boomerangs
 l - 6 silver boomerangs
Armour
 d - a +0 plate armour (worn)
Jewellery
 a - a ring of fire
 c - a ring of protection from fire (right hand)
 f - a ring of protection from cold (left hand)
 g - an amulet of reflection (around neck)
Scrolls
 n - 2 scrolls of identify
 q - 5 scrolls of teleportation
Potions
 e - 8 potions of curing
 h - a potion of heal wounds
 k - a potion of mutation
 o - a potion of might

Dungeon Overview and Level Annotations

Branches:
Dungeon (8/15)             Temple (1/1) D:4            Lair (0/5) D:8

Altars:
Ashenzari
Cheibriados
Dithmenos
Elyvilon
Gozag
Hepliaklqana
Kikubaaqudgha
Makhleb
Nemelex Xobeh
Okawaru
Qazlal
Ru
Trog
Uskayaw
Vehumet
Wu Jian
Yredelemnul
Zin
The Shining One


Message History

Throw: javelin (silver)
Press: ? - help, Q - select action, (/) - cycle Shift-Dir - straight line, f - kobold You throw a silver javelin.
The silver javelin pierces through the kobold!
You kill the kobold!
Okawaru accepts your kill.
You feel very sick.
6790 ||| FLEEEEING.
You feel sick.
The kobold brigand throws a curare-tipped dart.
The curare-tipped dart hits you.
You are more poisoned.
You have difficulty breathing.
You feel as though you will be slow longer.
6791 ||| FLEEEEING.
Found an escape hatch in the floor.
You feel extremely sick.
The kobold brigand throws a curare-tipped dart.
You reflect the curare-tipped dart off an invisible shield around you!
The curare-tipped dart barely misses the kobold brigand.
The kobold brigand throws a curare-tipped dart.
The curare-tipped dart hits you.
You are lethally poisoned!
You have difficulty breathing.
You feel as though you will be slow longer.
6792 ||| FLEEEEING.
You feel extremely sick.
6793 ||| FLEEEEING.
You feel extremely sick.
The kobold brigand throws a curare-tipped dart.
You reflect the curare-tipped dart off an invisible shield around you!
The curare-tipped dart hits the kobold brigand.
The kobold brigand is poisoned.
The kobold brigand convulses.
The kobold brigand seems to slow down.
6794 ||| FLEEEEING.
You feel very sick.
There is a stone staircase leading up here.
6795 ||| STAIRDANCE You feel very sick.
You fly upwards.
You die...

........).)..####'#####
.........)....##...##.#
...........##..##_##..###
......##........####....##
.....##..........###.....#
.)........###.....###....#
.......#...........###..##
..)....#..#)....#.##.....##
....)###.##.....@..##...(.#
...............#........###
.......[......[.......###
..##....<..........####
.........##........#
.##.....###.......##
........# ###.....##
.......## ##.....# .....###
#....##


There were no monsters in sight!

Vanquished Creatures
  Prince Ribbit (D:7)
  Eustachio (D:4)
  A wyvern (D:7)
  A water moccasin (D:7)
  2 sky beasts (D:7)
  An ogre (D:7)
  2 centaurs
  2 phantoms
  2 necrophages
  A gnoll sergeant (D:7)
  5 scorpions
  5 wights
  2 howler monkeys (D:7)
  6 hounds
  3 jellies
  A gnoll bouda (D:6)
  2 orc wizards (D:7)
  2 iguanas
  A hound skeleton (D:5)
  13 gnolls
  4 adders
  A shadow imp (D:5)
  An ufetubus (D:4)
  3 worms
  3 dart slugs
  14 orcs
  6 ball pythons
  8 bats
  5 endoplasms
  6 giant cockroaches
  10 goblins
  8 hobgoblins
  6 jackals
  13 kobolds
  3 quokkas
  3 frilled lizards
  7 rats
  A spectral orc (D:3)
156 creatures vanquished.

Notes
Turn   | Place    | Note
-------+----------+-------------------------------------------
     0 | D:1      | qw the Tengu Warper began the quest for the Orb.
     0 | D:1      | Reached XP level 1. HP: 12/12 MP: 4/4
     0 | D:1      | 0 ||| qw: Version: 0.1-a-89-g26bdef1
     0 | D:1      | 0 ||| qw: Game counter: 2732
     0 | D:1      | 0 ||| qw: Always use a shield: true
     0 | D:1      | 0 ||| qw: God list: Okawaru
     0 | D:1      | 0 ||| qw: Allow faded altars: false
     0 | D:1      | 0 ||| qw: Do Orc after D:15 true
     0 | D:1      | 0 ||| qw: Do second Lair branch before Depths: true
     0 | D:1      | 0 ||| qw: Lair rune preference: random
     0 | D:1      | 0 ||| qw: Plans: Normal
     0 | D:1      | 0 ||| PLANNING D:1-11
    88 | D:1      | 88 ||| Stepping ~*~*~tactically~*~*~ (hiding).
   151 | D:1      | Reached XP level 2. HP: 15/17 MP: 6/6
   192 | D:1      | Reached skill level 3 in Axes
   743 | D:1      | Reached XP level 3. HP: 18/21 MP: 7/7
   877 | D:1      | 877 ||| Stepping ~*~*~tactically~*~*~ (stealth).
   879 | D:1      | 879 ||| Stepping ~*~*~tactically~*~*~ (stealth).
   888 | D:1      | Reached skill level 4 in Axes
   897 | D:1      | 897 ||| Stepping ~*~*~tactically~*~*~ (hiding).
   899 | D:1      | 899 ||| Stepping ~*~*~tactically~*~*~ (hiding).
   900 | D:1      | 900 ||| Stepping ~*~*~tactically~*~*~ (hiding).
   957 | D:1      | 957 ||| DROPPING +0 club.
   962 | D:1      | Found a faded altar of an unknown god.
  1374 | D:1      | 1374 ||| UPGRADING to amulet of reflection.
  1379 | D:1      | 1379 ||| UPGRADING to ring of protection from cold.
  1380 | D:1      | 1380 ||| READING scroll labelled ODEDEO HIAT.
  1381 | D:1      | 1381 ||| READING scroll labelled WEOCWU QULETOBO.
  1382 | D:1      | 1382 ||| READING scroll labelled PEXIET HA COU.
  1383 | D:1      | 1383 ||| READING 2 scrolls labelled YRASAST KUAL.
  1384 | D:1      | 1384 ||| READING scroll labelled DOMEET VAOXIPS.
  1385 | D:1      | 1385 ||| READING 3 scrolls labelled POKHACL GESAW.
  1389 | D:1      | 1389 ||| DRINKING 2 golden potions.
  1390 | D:1      | 1390 ||| DRINKING 2 bubbling blue potions.
  1391 | D:1      | 1391 ||| DROPPING scroll of blinking.
  1392 | D:1      | 1392 ||| DROPPING potion of magic.
  1456 | D:2      | You fall into a shaft and drop 2 floors!
  1469 | D:4      | Reached XP level 4. HP: 26/26 MP: 8/8
  1476 | D:4      | Noticed a scorpion
  1483 | D:4      | Killed a scorpion
  1484 | D:4      | Reached skill level 5 in Axes
  1484 | D:4      | Gained mutation: Your magical nature lets you fly swiftly
                  | and evasively. [Tengu growth]
  1484 | D:4      | Reached XP level 5. HP: 26/30 MP: 9/9
  1576 | D:4      | 1576 ||| READING 2 scrolls of identify.
  1576 | D:4      | 1576 ||| IDENTIFYING sedimented coppery potion
  1577 | D:4      | 1577 ||| DROPPING potion of attraction.
  1646 | D:3      | 1646 ||| READING 2 scrolls of identify.
  1646 | D:3      | 1646 ||| IDENTIFYING red potion
  1647 | D:3      | 1647 ||| DROPPING potion of lignification.
  1652 | D:3      | 1652 ||| Stepping ~*~*~tactically~*~*~ (stealth).
  1655 | D:3      | 1655 ||| Stepping ~*~*~tactically~*~*~ (stealth).
  1657 | D:3      | 1657 ||| Stepping ~*~*~tactically~*~*~ (stealth).
  1658 | D:3      | 1658 ||| Stepping ~*~*~tactically~*~*~ (stealth).
  1708 | D:2      | 1708 ||| Stepping ~*~*~tactically~*~*~ (stealth).
  1739 | D:2      | 1739 ||| Stepping ~*~*~tactically~*~*~ (stealth).
  1753 | D:2      | Reached skill level 6 in Axes
  1922 | D:2      | 1922 ||| Stepping ~*~*~tactically~*~*~ (stealth).
  2013 | D:2      | 2013 ||| SWAPPING to +0 broad axe.
  2014 | D:2      | 2014 ||| DROPPING +0 vorpal hand axe.
  2161 | D:2      | 2161 ||| UPGRADING to +0 plate armour.
  2171 | D:2      | 2171 ||| DROPPING +0 leather armour.
  2172 | D:2      | 2172 ||| UPGRADING to ring of protection from fire.
  2173 | D:2      | 2173 ||| READING scroll labelled HETRE QEEC JUF.
  2174 | D:2      | 2174 ||| READING scroll labelled SUM UTEZXAINKI.
  2299 | D:3      | 2299 ||| Stepping ~*~*~tactically~*~*~ (stealth).
  2300 | D:3      | 2300 ||| Stepping ~*~*~tactically~*~*~ (stealth).
  2358 | D:3      | Found a radiant altar of Vehumet.
  2469 | D:3      | 2469 ||| DROPPING +0 whip.
  2621 | D:3      | Found a basalt altar of Yredelemnul.
  2805 | D:3      | 2805 ||| READING scroll labelled HOVVECHAERU.
  2944 | D:3      | 2944 ||| READING 2 scrolls of identify.
  2944 | D:3      | 2944 ||| IDENTIFYING sedimented amethyst potion
  2945 | D:3      | 2945 ||| DROPPING potion of berserk rage.
  2965 | D:4      | Noticed a phantom
  2978 | D:4      | Killed a phantom
  2979 | D:4      | Reached skill level 3 in Armour
  2979 | D:4      | Reached XP level 6. HP: 28/35 MP: 10/10
  3060 | D:4      | Found a glowing golden altar of the Shining One.
  3073 | D:4      | Noticed a +0 dagger
  3073 | D:4      | Noticed a +0 hand axe
  3075 | D:4      | Found a hide-covered altar of Uskayaw.
  3103 | D:4      | 3103 ||| Stepping ~*~*~tactically~*~*~ (stealth).
  3104 | D:4      | 3104 ||| Stepping ~*~*~tactically~*~*~ (stealth).
  3105 | D:4      | 3105 ||| Stepping ~*~*~tactically~*~*~ (stealth).
  3111 | D:4      | 3111 ||| Stepping ~*~*~tactically~*~*~ (hiding).
  3123 | D:4      | 3123 ||| Stepping ~*~*~tactically~*~*~ (stealth).
  3245 | D:4      | Found a staircase to the Ecumenical Temple.
  3246 | D:4      | 3246 ||| PLANNING TEMPLE
  3246 | D:4      | 3246 ||| READING scroll labelled YTUXUI IRAZ.
  3247 | D:4      | 3247 ||| READING 3 scrolls of identify.
  3247 | D:4      | 3247 ||| IDENTIFYING viscous green potion
  3248 | D:4      | 3248 ||| READING 2 scrolls of identify.
  3248 | D:4      | 3248 ||| IDENTIFYING fizzy inky potion
  3249 | D:4      | 3249 ||| DROPPING potion of degeneration.
  3258 | Temple   | Entered the Ecumenical Temple
  3267 | Temple   | Became a worshipper of Warmaster Okawaru
  3296 | Temple   | 3296 ||| PLANNING D:1-11
  3336 | D:4      | Noticed Eustachio
  3350 | D:4      | Killed Eustachio
  3351 | D:4      | Reached skill level 7 in Axes
  3633 | D:5      | Entered Level 5 of the Dungeon
  3635 | D:5      | 3635 ||| Stepping ~*~*~tactically~*~*~ (stealth).
  3644 | D:5      | Reached XP level 7. HP: 37/40 MP: 11/11
  3658 | D:5      | Reached skill level 3 in Fighting
  3910 | D:5      | 3910 ||| Stepping ~*~*~tactically~*~*~ (stealth).
  3911 | D:5      | 3911 ||| Stepping ~*~*~tactically~*~*~ (stealth).
  3913 | D:5      | 3913 ||| Stepping ~*~*~tactically~*~*~ (stealth).
  3943 | D:5      | Found a burning altar of Makhleb.
  4016 | D:5      | Reached * piety under Okawaru
  4238 | D:5      | 4238 ||| READING scroll of brand weapon.
  4238 | D:5      | 4238 ||| BRANDING +0 broad axe.
  4520 | D:5      | 4520 ||| READING scroll labelled IMEURIN CYNYZUA.
  4521 | D:5      | 4521 ||| READING scroll labelled GOTUNKY YPLUJ.
  4522 | D:5      | 4522 ||| READING scroll labelled MEUSHR YNUYCY.
  4523 | D:5      | 4523 ||| READING 2 scrolls of identify.
  4523 | D:5      | 4523 ||| IDENTIFYING coppery potion
  4545 | D:6      | Reached skill level 1 in Invocations
  4584 | D:6      | Reached skill level 8 in Axes
  4584 | D:6      | Reached XP level 8. HP: 44/46 MP: 12/12
  4834 | D:6      | 4834 ||| Stepping ~*~*~tactically~*~*~ (stealth).
  4836 | D:6      | 4836 ||| Stepping ~*~*~tactically~*~*~ (hiding).
  4861 | D:6      | 4861 ||| Stepping ~*~*~tactically~*~*~ (stealth).
  4876 | D:6      | 4876 ||| FLEEEEING.
  5048 | D:6      | 5048 ||| INVOKING Heroism.
  5054 | D:6      | Reached skill level 3 in Invocations
  5083 | D:6      | 5083 ||| Stepping ~*~*~tactically~*~*~ (hiding).
  5085 | D:6      | 5085 ||| Stepping ~*~*~tactically~*~*~ (hiding).
  5086 | D:6      | 5086 ||| INVOKING Heroism.
  5189 | D:6      | 5189 ||| Stepping ~*~*~tactically~*~*~ (hiding).
  5363 | D:6      | 5363 ||| INVOKING Heroism.
  5621 | D:6      | 5621 ||| DROPPING amulet of the acrobat.
  5622 | D:6      | 5622 ||| DRINKING 2 green potions.
  5630 | D:7      | 5630 ||| INVOKING Heroism.
  5632 | D:7      | 5632 ||| STAIRDANCE
  5636 | D:6      | Reached skill level 9 in Axes
  5647 | D:7      | 5647 ||| STAIRDANCE
  5652 | D:6      | 5652 ||| INVOKING Heroism.
  5839 | D:6      | 5839 ||| DROPPING +0 flail.
  5851 | D:7      | 5851 ||| STAIRDANCE
  5961 | D:7      | 5961 ||| INVOKING Heroism.
  5983 | D:7      | Reached XP level 9. HP: 52/52 MP: 13/13
  5983 | D:7      | Identified the +7 spear "Layr" {vorpal, rF+ rC+ Stlth+}
  6012 | D:7      | Reached ** piety under Okawaru
  6041 | D:7      | 6041 ||| INVOKING Heroism.
  6042 | D:7      | 6042 ||| Stepping ~*~*~tactically~*~*~ (hiding).
  6048 | D:7      | Reached skill level 10 in Axes
  6080 | D:7      | 6080 ||| Stepping ~*~*~tactically~*~*~ (hiding).
  6081 | D:7      | 6081 ||| Stepping ~*~*~tactically~*~*~ (hiding).
  6087 | D:7      | Reached skill level 3 in Throwing
  6199 | D:7      | Found an opulent altar of Gozag.
  6271 | D:7      | 6271 ||| INVOKING Heroism.
  6364 | D:7      | 6364 ||| Stepping ~*~*~tactically~*~*~ (stealth).
  6417 | D:7      | Found a white marble altar of Elyvilon.
  6421 | D:7      | Found a sacrificial altar of Ru.
  6425 | D:7      | Found an ancient bone altar of Kikubaaqudgha.
  6534 | D:7      | Found a sparkling altar of Nemelex Xobeh.
  6544 | D:7      | Found a hazy altar of Hepliaklqana.
  6657 | D:8      | Noticed Prince Ribbit
  6658 | D:8      | 6658 ||| STAIRDANCE
  6660 | D:7      | 6660 ||| INVOKING Heroism.
  6668 | D:7      | Killed Prince Ribbit
  6678 | D:8      | 6678 ||| STAIRDANCE
  6724 | D:8      | 6724 ||| STAIRDANCE
  6730 | D:8      | 6730 ||| INVOKING Heroism.
  6785 | D:8      | Found a staircase to the Lair.
  6786 | D:8      | 6786 ||| Stepping ~*~*~tactically~*~*~ (stealth).
  6787 | D:8      | 6787 ||| FLEEEEING.
  6788 | D:8      | 6788 ||| FLEEEEING.
  6790 | D:8      | 6790 ||| FLEEEEING.
  6791 | D:8      | 6791 ||| FLEEEEING.
  6792 | D:8      | 6792 ||| FLEEEEING.
  6793 | D:8      | 6793 ||| FLEEEEING.
  6793 | D:8      | HP: 8/54 [poisoned by a kobold brigand (curare-tipped
                  | dart)]
  6794 | D:8      | 6794 ||| FLEEEEING.
  6795 | D:8      | 6795 ||| STAIRDANCE
  6795 | D:8      | HP: 1/54 [poisoned by a kobold brigand (curare-tipped
                  | dart)]
  6796 | D:7      | Succumbed to a kobold brigand's curare-tipped dart

Levels and vault maps discovered:
D:1:      dpeg_arrival_brainrot, layout_loops_corners,
          hellmonk_ecumenical_altar_defaced_shrine
D:2:      layout_loops_ring
D:3:      layout_rooms, vehumet_altar_wand_db,
          yredelemnul_forgotten_temple_becter, serial_curves, eino_curves_03,
          eino_curves_03, eino_curves_03, eino_curves_04,
          kennysheep_generic_room_3
D:4:      layout_rooms, dancing_weapons_uskayaw, mainiacjoe_overflow_alcove_2,
          lemuel_temple_firewalk_b, uniq_eustachio
D:5:      layout_loops_ring, makhleb_blood_cavern_becter,
          dreamdust_princess_bridge
D:6:      layout_basic
D:7:      layout_cave_pools, lemuel_tele_altar, grunt_gozag_breadcrumbs,
          kennysheep_mini_moat, grunt_temple_overflow_diamond
D:8:      layout_rooms, xom_shifter_show, lair_entry_dummy, enter_bailey_4,
          uniq_maurice, uniq_prince_ribbit1
Temple:   nicolae_temple_ecumenical_triangle

Skill      XL: |  1  2  3  4  5  6  7  8  9 |
---------------+----------------------------+-----
Axes           | 3 4 5 6 7 8 9 10 | 10.8
Armour         | 3 4 |  4.5
Fighting       | 3 4 5 |  5.0
Throwing       | 2 3 |  3.1
Invocations    | 1 4 |  4.1
Dodging        | |  2.1
Spellcasting   | |  2.0
Translocations | |  2.4

Action                   |  1- 3 |  4- 6 |  7- 9 || total
-------------------------+-------+-------+-------++-------
Melee: Hand axe          |    56 |    32 |       ||    88
       Kick              |    12 |    24 |    58 ||    94
       Peck              |     5 |    12 |    26 ||    43
       Broad axe         |       |    64 |   185 ||   249
       Punch             |       |     1 |     2 ||     3
Throw: Boomerang         |    11 |    26 |     7 ||    44
       Javelin           |    17 |    34 |    41 ||    92
Invok: Heroism           |       |       |    10 ||    10
  Use: Scroll            |     6 |     9 |     5 ||    20
       Potion            |     2 |       |     1 ||     3
Armor: Leather armour    |    24 |     5 |       ||    29
       Plate armour      |       |    34 |   113 ||   147
Dodge: Dodged            |    53 |    30 |    59 ||   142
Block: Other             |       |    18 |    46 ||    64
       Reflection        |       |       |     2 ||     2

Table legend:
 A = Non-vault XP
 B = Vault XP
 C = Vault XP percentage of total XP
 D = Non-vault monster count
 E = Vault monster count
 F = Vault count percentage of total count
                 A         B        C        D         E       F
            +---------+---------+-------+---------+---------+-------
      Total |    3226 |     618 |  16.1 |     141 |      15 |   9.6
            +---------+---------+-------+---------+---------+-------
        D:1 |      44 |      18 |  29.0 |      24 |       7 |  22.6
        D:2 |      23 |       0 |   0.0 |      14 |       0 |   0.0
        D:3 |      46 |       7 |  13.2 |      17 |       4 |  19.0
        D:4 |     272 |     203 |  42.7 |      17 |       1 |   5.6
        D:5 |     413 |     107 |  20.6 |      13 |       2 |  13.3
        D:6 |     942 |       0 |   0.0 |      25 |       0 |   0.0
        D:7 |    1476 |     283 |  16.1 |      26 |       1 |   3.7
        D:8 |      10 |       0 |   0.0 |       5 |       0 |   0.0
            +---------+---------+-------+---------+---------+-------
